 Dungeon Crawl Stone Soup version 0.23.2-11-gf996548c65 (webtiles) character file.

Game seed: 10704491562077277654

3189 Kobolds4U the Carver (level 9, -4/82 HPs)
             Began as a Green Draconian Berserker on June 3, 2019.
             Was a Priest of Trog.
             Slain by an orc warrior
             ... wielding a +0 glaive
              (20 damage)
             ... on level 8 of the Dungeon.
             The game lasted 00:16:44 (8485 turns).

Kobolds4U the Carver (Green Draconian Berserker)    Turns: 8485, Time: 00:16:44

Health: -4/82      AC:  8    Str: 22    XL:     9   Next: 64%
Magic:  9/9        EV: 13    Int:  5    God:    Trog [***...]
Gold:   442        SH:  0    Dex: 14    Spells: 8/8 levels left

rFire    x . .     SeeInvis +   a - +1 falchion
rCold    + + .     Gourm    +   (no shield)
rNeg     . . .     Faith    .   (armour unavailable)
rPois    +         Spirit   .   (helmet restricted)
rElec    .         Reflect  .   (no cloak)
rCorr    .         Harm     .   B - +0 pair of gloves
MR       ++...                  (no boots)
Stlth    +.........             g - amulet of the gourmand
HPRegen  1.23/turn              q - ring of protection from cold
MPRegen  0.11/turn              D - ring of Homuni {Ice +Inv Slay+2 SInv}

@: regenerating, studying Maces & Flails
A: breathe noxious fumes, unfitting armour, see invisible, dopey 1, poison
resistance, strong 1, wild magic 1, cold-blooded, AC +7
a: Breathe Noxious Fumes, Berserk, Trog's Hand, Renounce Religion, Evoke
Invisibility


You were on level 8 of the Dungeon.
You worshipped Trog.
Trog was most pleased with you.
You were full.

You visited 1 branch of the dungeon, and saw 8 of its levels.
You also visited: Sewer.

You collected 442 gold pieces.

Inventory:

Hand Weapons
 a - a +1 falchion (weapon)
 d - a +0 shortbow
 p - a +0 hand crossbow
Missiles
 f - 33 arrows
 n - 89 bolts
 C - 3 javelins of returning (quivered)
Armour
 B - a +0 pair of gloves (worn)
Jewellery
 g - an amulet of the gourmand (around neck)
 i - an uncursed ring of fire
 q - a ring of protection from cold (left hand)
 s - an uncursed amulet of harm
 D - the ring of Homuni (right hand) {Ice +Inv Slay+2 SInv}
   (You found it on level 8 of the Dungeon)

   [ring of ice]

   It enhances your ice magic.
   It affects your accuracy and damage with ranged weapons and melee attacks
   (+2).
   It makes you vulnerable to fire.
   It protects you from cold.
   It lets you see invisible.
   It lets you turn invisible.
Wands
 o - a wand of polymorph (5)
 x - a wand of enslavement (8)
 A - a wand of disintegration (17)
Scrolls
 j - 8 scrolls of remove curse
 l - a scroll of fear
 v - 2 scrolls of magic mapping
 y - a scroll of blinking
 z - a scroll of teleportation {unknown}
Potions
 c - 2 potions of brilliance
 e - 4 potions of haste
 h - 3 potions of curing
 k - 2 potions of might {unknown}
 m - a potion of berserk rage
 r - 4 potions of lignification
 t - 3 potions of heal wounds {unknown}
 u - 4 potions of flight
Books
 w - a manual of Maces & Flails
Comestibles
 b - 10 rations


   Skills:
 + Level 8.8 Fighting
 * Level 11.6 Long Blades
 - Level 2.6 Dodging
 + Level 0.0 Evocations


You had 8 spell levels left.
You didn't know any spells.
Your spell library was empty.

Dungeon Overview and Level Annotations

Branches:
Dungeon (8/15)             Temple (0/1) D:6
   Lair: D:8-11

Altars:
Cheibriados
Elyvilon
Gozag
Makhleb
Okawaru
Trog
Wu Jian


Innate Abilities, Weirdness & Mutations

You can breathe blasts of noxious fumes.
Your lurid green scales are hard. (AC +7)
You cannot fit into any form of body armour.
Your system is resistant to poisons. (rPois)
You are cold-blooded and may be slowed by cold attacks.
You have supernaturally acute eyesight. (SInv)
You are dopey. (Int -2)
Your muscles are strong. (Str +2)
Your spells are a little harder to cast, but a little more powerful.


Message History

You feel resistant to hostile enchantments.
You feel somewhat less full.
You can no longer call in reinforcements.
You see here 20 stones.
Throwing (i - inventory)
C - 3 javelins of returning (quivered)
Press: ? - help, Shift-Dir - straight line, f - orc warrior
Aim: an orc warrior, wielding a +0 glaive and wearing a +0 plate armour
Okay, then.
The orc warrior hits you with a +0 glaive!
You slash the orc warrior!
The orc warrior is moderately wounded.
You hit the orc warrior.
The orc warrior is heavily wounded.
The orc warrior hits you with a +0 glaive!
* * * LOW HITPOINT WARNING * * *
You hit the orc warrior.
You tail-slap the orc warrior, but do no damage.
The orc warrior is severely wounded.
The orc warrior hits you with a +0 glaive!!
You die...

#.##....#..#..#.8.8.#..# #
#.##.....#..##...8....#
#.#..>....####.##.8.8.#[.#
#.#.##.#.(# ..##.....#8..
#.........# #.#####.### #.
###.##.##.##.# ##..)## .
#..##.#..#.# #.(...#
#.#......o.# #.(...)...[ .
##...##@#.# #.#)...S#..#
##.###.##.#.###.?.##.#.
#.####.# #.#####.### # #.#
#...# ##..#.##..# #.#
#...###...#.##..#.# ##
#.#..#...#.......#
#.#.#...###..##.##
#.#.#..## #..## #
#.#.###.#####)#####.


You could see an orc warrior.

Vanquished Creatures
  A hornet (D:8)
  Grinder (D:5)
  A hippogriff (D:7)
  Sigmund (D:5)
  A water moccasin (D:7)
  3 ice beasts
  A black bear (D:7)
  2 phantoms
  A centaur (D:5)
  5 ogres
  A crocodile (D:8)
  A big kobold (Sewer)
  4 bullfrogs
  3 scorpions
  3 crimson imps
  A hound (D:6)
  3 orc priests (D:8)
  3 jellies
  A centaur skeleton (D:5)
  3 iguanas
  2 orc wizards
  3 worker ants
  A hound skeleton (D:6)
  4 gnolls (D:5)
  A howler monkey skeleton (D:5)
  2 adders
  4 river rats (Sewer)
  A shadow imp (D:6)
  An ooze (D:2)
  3 adder zombies
  An adder skeleton (D:6)
  5 worms
  2 dart slugs (D:2)
  2 leopard geckos
  14 orcs
  7 bats
  3 giant cockroaches
  10 hobgoblins
  14 jackals
  2 quokkas
  2 ball pythons
  5 frilled lizards
  10 goblins
  11 kobolds
  A quokka zombie (D:6)
  5 rats
156 creatures vanquished.

Vanquished Creatures (others)
  A worker ant (D:8)
  An orc (D:8)
2 creatures vanquished.

Grand Total: 158 creatures vanquished

Notes
Turn   | Place    | Note
-------+----------+-------------------------------------------
     0 | D:1      | Kobolds4U the Draconian Berserker began the quest for the
                  | Orb.
     0 | D:1      | Reached XP level 1. HP: 19/19 MP: 1/1
   358 | D:1      | Reached XP level 2. HP: 26/26 MP: 2/2
   994 | D:2      | Reached skill level 4 in Long Blades
  1114 | D:2      | Found a burning altar of Makhleb.
  1155 | D:2      | Reached XP level 3. HP: 28/31 MP: 3/3
  1393 | D:2      | Reached ** piety under Trog
  1498 | D:2      | Found a faded altar of an unknown god.
  1669 | D:2      | Found a white marble altar of Elyvilon.
  2026 | D:3      | Reached XP level 4. HP: 38/38 MP: 4/4
  2036 | D:3      | Reached skill level 5 in Long Blades
  2209 | D:3      | HP: 2/57 [something/magic dart (8)]
  2890 | D:4      | Reached XP level 5. HP: 41/45 MP: 5/5
  2957 | D:4      | Reached skill level 6 in Long Blades
  2992 | D:4      | Reached *** piety under Trog
  3239 | D:4      | Found a glowing drain.
  3261 | Sewer    | Entered a sewer
  3559 | Sewer    | Reached XP level 6. HP: 20/52 MP: 6/6
  3792 | Sewer    | Found a white marble altar of Elyvilon.
  3835 | Sewer    | Gained mutation: You have supernaturally acute eyesight.
                  | (SInv) [potion of mutation]
  3835 | Sewer    | Gained mutation: You are dopey. (Int -2) [potion of
                  | mutation]
  3835 | Sewer    | Gained mutation: You have a pair of small horns on your
                  | head. [potion of mutation]
  4457 | D:5      | Entered Level 5 of the Dungeon
  4526 | D:5      | Noticed Sigmund
  4534 | D:5      | Noticed an ice beast
  4537 | D:5      | Killed Sigmund
  4537 | D:5      | Reached skill level 7 in Long Blades
  4551 | D:5      | Killed an ice beast
  4551 | D:5      | Reached skill level 5 in Fighting
  4551 | D:5      | Your scales start taking on a lurid green colour.
  4551 | D:5      | Reached XP level 7. HP: 24/61 MP: 7/7
  4551 | D:5      | Gained mutation: Your system is resistant to poisons.
                  | (rPois) [Green Draconian growth]
  4826 | D:5      | Reached skill level 8 in Long Blades
  4882 | D:5      | Noticed Grinder
  4890 | D:5      | Killed Grinder
  4890 | D:5      | Reached XP level 8. HP: 70/70 MP: 8/8
  5142 | D:5      | Found a bloodstained altar of Trog.
  5770 | D:6      | Reached skill level 9 in Long Blades
  6747 | D:6      | Found an opulent altar of Gozag.
  6752 | D:6      | Found an ornate altar of the Wu Jian Council.
  6753 | D:6      | Found an iron altar of Okawaru.
  6768 | D:6      | Reached skill level 10 in Long Blades
  6939 | D:6      | Found a staircase to the Ecumenical Temple.
  7300 | D:7      | Noticed a hippogriff
  7306 | D:7      | Killed a hippogriff
  7306 | D:7      | Reached XP level 9. HP: 72/80 MP: 9/9
  7537 | D:7      | Found a snail-covered altar of Cheibriados.
  7827 | D:7      | Found a snail-covered altar of Cheibriados.
  7911 | D:8      | Reached skill level 11 in Long Blades
  7935 | D:8      | Reached **** piety under Trog
  8413 | D:8      | Received a gift from Trog
  8423 | D:8      | Got a bound pewter ring
  8424 | D:8      | Identified the ring of Homuni {Ice +Inv Slay+2 SInv} (You
                  | found it on level 8 of the Dungeon)
  8431 | D:8      | Lost mutation: You are dopey. (Int -2) [potion of mutation]
  8431 | D:8      | Lost mutation: You have a pair of small horns on your head.
                  | [potion of mutation]
  8431 | D:8      | Lost mutation: You have supernaturally acute eyesight.
                  | (SInv) [potion of mutation]
  8431 | D:8      | Gained mutation: You have supernaturally acute eyesight.
                  | (SInv) [potion of mutation]
  8431 | D:8      | Gained mutation: You are dopey. (Int -2) [potion of
                  | mutation]
  8431 | D:8      | Gained mutation: Your spells are a little harder to cast,
                  | but a little more powerful. [potion of mutation]
  8431 | D:8      | Gained mutation: Your muscles are strong. (Str +2) [potion
                  | of mutation]
  8485 | D:8      | Slain by an orc warrior

Skill      XL: |  1  2  3  4  5  6  7  8  9 |
---------------+----------------------------+-----
Long Blades    | 4 5 6 7 8 10 11 | 11.6
Fighting       | 4 5 6 7 8 |  8.8
Dodging        | |  2.6

Action                   |  1- 3 |  4- 6 |  7- 9 || total
-------------------------+-------+-------+-------++-------
Melee: Falchion          |   100 |   175 |   286 ||   561
       Tailslap          |    14 |    28 |    53 ||    95
       Headbutt          |       |    10 |    79 ||    89
Invok: Berserk           |       |     3 |     2 ||     5
       Trog's Hand       |       |     2 |     1 ||     3
 Abil: Breathe Noxious F |       |       |     2 ||     2
  Use: Scroll            |       |    13 |     2 ||    15
       Potion            |       |     1 |     2 ||     3
 Stab: Sleeping          |     2 |     1 |       ||     3
       Confused          |       |       |     1 ||     1
  Eat: Chunk             |    14 |    11 |    14 ||    39
Armor: Skin              |    24 |    44 |    46 ||   114
Dodge: Dodged            |    46 |   130 |   122 ||   298
       Rpst.: Falchion   |    12 |    32 |    45 ||    89
